Checkers vs Comets (R1)

Created - May 15, 2021 at 19:05

Goals
1 2 3 T
Checkers 4 1 0 5
Comets 3 1 0 4
Shots
1 2 3 T
Checkers 17 4 9 30
Comets 6 9 16 31

1st period

1. Comets , J.T. Brown 1 (Joshua Leivo 1, Nikita Tryamkin 1) at 7:21
2. Checkers , Tobias Rieder 1 (Jonathan Huberdeau 1, Aleksander Barkov 1) at 12:08 (PP)
3. Checkers , Jerry D'Amigo 1 (Michael Latta 1, Jonathan Huberdeau 2) at 14:20
4. Comets , Phil McRae 1 (Taylor Beck 1) at 16:24
5. Comets , Brandon Saad 1 (Brendan Gaunce 1, Wiley Sherman 1) at 17:10
6. Checkers , Jake Virtanen 1 (Quinton Howden 1, Michal Jordan 1) at 17:48
7. Checkers , Jerry D'Amigo 2 (Michael Latta 2) at 17:59

Penalties :
Jonathan Huberdeau (Cha) for Hooking (Minor) at 2:11, Christoph Bertschy (Uti) for Hooking (Minor) at 10:53, Kerby Rychel (Cha) for High sticking (Minor) at 18:58

2nd period

8. Comets , Taylor Beck 1 (J.T. Brown 1, Alexandar Georgiev) at 0:32 (PP)
9. Checkers , Tobias Rieder 2 (Aleksander Barkov 2) at 17:58

Penalties :
Brendan Gaunce (Uti) for Roughing (Minor) at 8:47, Tommy Vannelli (Uti) for Holding Stick (Minor) at 14:38, William Colbert (Cha) for Holding (Minor) at 18:46

3rd period

No Goal

Penalties :
Roberts Lipsbergs (Cha) for Slashing (Minor) at 1:57, Niklas Hansson (Cha) for Slashing (Minor) at 9:41, John Draeger (Cha) for Tripping (Minor) at 19:08

Goalie Stats

Igor Bobkov (Cha), 27 saves from 31 shots - (0.871), W, 1-0-0, 60:00 minutes
Alexandar Georgiev (Uti), 25 saves from 30 shots - (0.833), L, 0-1-0, 58:52 minutes

Players Stats for Checkers

Player Name              G  A  P  +/- PIM S  H  SB GA TA FO     MP     PP MP  PK MP  
------------------------------------------------------------------------------------
Aaron Ekblad             0  0  0   1  0   1  0  3  0  1  0/0    25:30   3:43   5:06 
Aleksander Barkov        0  2  2   0  0   4  3  0  0  0  10/20  18:14   3:12   0:00 
Jake Virtanen            1  0  1   0  0   1  1  0  0  0  0/1    10:16   0:26   0:00 
Jerry D'Amigo            2  0  2   1  0   4  2  1  1  0  0/1    19:55   1:35   6:16 
John Draeger             0  0  0   0  2   1  1  2  0  1  0/0    18:18   0:11   5:08 
Jonathan Huberdeau       0  2  2   0  2   4  0  0  2  0  1/2    19:46   3:17   0:59 
Kerby Rychel             0  0  0   1  2   1  2  0  0  1  1/1    13:30   1:35   0:00 
Markus Nutivaara         0  0  0   1  0   3  2  2  0  0  0/0    21:28   3:43   1:41 
Matt Puempel             0  0  0   0  0   0  2  0  0  0  0/0     9:22   0:00   0:00 
Michael Latta            0  2  2   1  0   2  1  1  0  0  7/25   20:02   1:35   6:22 
Michael McCarron         0  0  0   0  0   0  3  0  0  0  0/1     8:01   0:26   0:00 
Michal Jordan            0  1  1   0  0   0  1  1  1  1  0/0    16:51   1:19   0:07 
Mitchell Heard           0  0  0   0  0   1  2  0  0  0  0/1     7:04   0:00   0:16 
Niklas Hansson           0  0  0   0  2   2  3  3  0  0  0/0    19:00   0:11   5:08 
Quinton Howden           0  1  1   0  0   1  5  0  0  0  4/7    13:46   0:00   3:43 
Roberts Lipsbergs        0  0  0   0  2   0  2  0  0  0  0/0     8:12   0:21   0:24 
Tobias Rieder            2  0  2   0  0   5  1  1  1  0  2/4    21:14   3:12   2:42 
William Colbert          0  0  0   0  2   0  4  1  1  0  0/0    19:04   1:19   3:32 

Players Stats for Comets

Player Name              G  A  P  +/- PIM S  H  SB GA TA FO     MP     PP MP  PK MP  
------------------------------------------------------------------------------------
Alex Hutchings           0  0  0   0  0   0  0  0  0  0  0/0     1:54   0:00   1:04 
Andrej Nestrasil         0  0  0  -2  0   1  0  0  0  0  5/6    10:51   0:00   0:00 
Andrew Mangiapane        0  0  0   0  0   0  1  0  0  0  0/0     7:59   0:00   1:04 
Brandon Saad             1  0  1  -1  0   4  0  1  0  1  2/3    23:20   5:53   3:03 
Brendan Gaunce           0  1  1  -1  2   5  1  0  0  0  19/32  20:43   5:53   0:00 
Christoph Bertschy       0  0  0   0  2   0  1  0  0  0  0/0     6:34   0:00   0:00 
Colton Gillies           0  0  0  -2  0   0  1  0  1  0  0/0    10:51   0:00   0:00 
Denis Gurianov           0  0  0   0  0   0  0  0  0  0  0/0     0:20   0:08   0:00 
Dennis Everberg          0  0  0  -1  0   4  2  1  1  0  3/8    23:20   5:53   3:03 
J.T. Brown               1  1  2   2  0   1  1  0  1  0  0/1    17:07   4:20   1:06 
Jared Staal              0  0  0   0  0   0  1  0  0  0  0/0     0:36   0:08   0:00 
Joshua Leivo             0  1  1  -2  0   0  2  0  1  0  0/1    10:51   0:00   0:00 
Juuso Riikola            0  0  0   0  0   0  0  0  0  0  0/0    11:53   0:00   0:00 
Michael Ferland          0  0  0   0  0   0  0  0  0  0  0/0     0:43   0:08   0:00 
Mitch Callahan           0  0  0   0  0   0  0  0  0  0  0/0     0:00   0:00   0:00 
Nicholas Baptiste        0  0  0   0  0   1  0  0  0  0  1/2     6:28   0:00   0:00 
Nikita Tryamkin          0  1  1  -1  0   0  1  1  0  1  0/0    19:20   3:05   1:45 
Oliver Kylington         0  0  0   0  0   0  0  0  0  0  0/0    11:38   0:00   0:00 
Phil McRae               1  0  1   2  0   3  0  1  0  0  7/9    15:44   4:20   0:00 
Seth Helgeson            0  0  0   0  0   3  2  3  0  1  0/0    28:36   7:16   3:28 
Taylor Aronson           0  0  0  -1  0   1  0  0  0  1  0/0    19:20   3:05   1:45 
Taylor Beck              1  1  2   2  0   8  4  1  0  0  1/1    17:07   4:20   1:06 
Tommy Vannelli           0  0  0   0  2   0  0  0  0  0  0/0     3:02   0:00   0:00 
Tyler Graovac            0  0  0   0  0   0  0  0  0  0  0/0     0:00   0:00   0:00 
Wiley Sherman            0  1  1   0  0   0  0  1  0  2  0/0    26:27   7:16   3:28 

3 Stars

1 - Jerry D'Amigo (Cha)
2 - Taylor Beck (Uti)
3 - Tobias Rieder (Cha)

Power Play

Checkers - 1 on 3 Attempt(s) - 33.33%
Comets - 1 on 6 Attempt(s) - 16.67%

Penalty Kill

Checkers - 5 on 6 Attempt(s) - 83.33% - Score 0 goal in Penalty Kill
Comets - 2 on 3 Attempt(s) - 66.67% - Score 0 goal in Penalty Kill

Team Stat

Checkers - Hits : 35 - Faceoff Wins : 25 - Blocked Shots : 15 - Penalty Minutes : 12
Comets - Hits : 17 - Faceoff Wins : 38 - Blocked Shots : 9 - Penalty Minutes : 6

Official

Referees : Unknown
Linesman : Unknown

Game Notes

No Game Note

Finance

Level 1 -- Attendance: 2000 (100.00%) -- Ticket Income $26,000
Level 2 -- Attendance: 1000 (100.00%) -- Ticket Income $2,000
Total Attendance: 3000 (100.00%)
Total Ticket Income: $28,000
Other Income: $1,400
Total Income: $29,400

Checkers

5 vs 5 Forward 
   Center                   Left Wing                Right Wing               Time % Phy DF OF 
 1 Aleksander Barkov        Jonathan Huberdeau       Tobias Rieder            40     0   2  3  
 2 Michael Latta            Kerby Rychel             Jerry D'Amigo            30     0   2  3  
 3 Quinton Howden           Matt Puempel             Jake Virtanen            20     0   3  2  
 4 Mitchell Heard           Roberts Lipsbergs        Michael McCarron         10     1   2  2  

5 vs 5 Defense 
   Defense                  Defense                                           Time % Phy DF OF 
 1 Aaron Ekblad             Markus Nutivaara                                  40     0   2  3  
 2 Michal Jordan            William Colbert                                   30     0   2  3  
 3 John Draeger             Niklas Hansson                                    20     1   2  2  
 4 Aaron Ekblad             Markus Nutivaara                                  10     0   2  3  

PowerPlay Forward 
   Center                   Left Wing                Right Wing               Time % Phy DF OF 
 1 Aleksander Barkov        Jonathan Huberdeau       Tobias Rieder            60     0   1  4  
 2 Michael Latta            Kerby Rychel             Jerry D'Amigo            40     0   1  4  

PowerPlay Defense
   Defense                  Defense                                           Time % Phy DF OF 
 1 Aaron Ekblad             Markus Nutivaara                                  60     0   2  3  
 2 Michal Jordan            William Colbert                                   40     0   2  3  

Penalty Kill 4 Players Forward 
   Center                   Wing                     Time % Phy DF OF 
 1 Michael Latta            Jerry D'Amigo            60     1   3  1  
 2 Quinton Howden           Tobias Rieder            40     1   3  1  

Penalty Kill 4 Players Defense
   Defense                  Defense                  Time % Phy DF OF 
 1 John Draeger             Niklas Hansson           60     1   4  0  
 2 William Colbert          Aaron Ekblad             40     1   4  0  

Penalty Kill - 3 Players Forward 
   Forward                                           Time % Phy DF OF 
 1 Michael Latta                                     60     1   3  1  
 2 Mitchell Heard                                    40     1   3  1  

Penalty Kill - 3 Players Defense
   Defense                  Defense                  Time % Phy DF OF 
 1 John Draeger             Niklas Hansson           60     1   4  0  
 2 William Colbert          Aaron Ekblad             40     1   4  0  

4 vs 4 Forward 
   Center                   Wing                     Time % Phy DF OF 
 1 Aleksander Barkov        Jonathan Huberdeau       60     0   2  3  
 2 Michael Latta            Tobias Rieder            40     0   2  3  

4 vs 4 Defense
   Defense                  Defense                  Time % Phy DF OF 
 1 Aaron Ekblad             Markus Nutivaara         60     0   2  3  
 2 William Colbert          Michal Jordan            40     0   2  3  

Last Minutes Offensive
   Center                   Left Wing                Right Wing               Defense                  Defense                  
   Aleksander Barkov        Jonathan Huberdeau       Tobias Rieder            Aaron Ekblad             Markus Nutivaara         

Last Minutes Defensive
   Center                   Left Wing                Right Wing               Defense                  Defense                  
   Michael Latta            Kerby Rychel             Tobias Rieder            John Draeger             Niklas Hansson           

Goaltenders
Starting : Igor Bobkov              
Backup : Garret Sparks            

Extra Forwards
Normal : Jake Virtanen, Jonathan Huberdeau, Aleksander Barkov - PP : Jake Virtanen, Jonathan Huberdeau - PK : Michael Latta
Extra Defensemen
Normal : Niklas Hansson, Markus Nutivaara, Aaron Ekblad - PP : William Colbert - PK : Aaron Ekblad, Niklas Hansson
Penalty Shots
Aleksander Barkov, Tobias Rieder, Quinton Howden, Michael Latta, Jonathan Huberdeau

Scratches
Viktor Baldayev (Healthy), Juuso Ikonen (Healthy), Keaton Thompson (Healthy), Kyle Platzer (Healthy), Connor Honey (Healthy)
Lukas Vejdemo (Healthy), Dmytro Timashov (Healthy), Anton Zlobin (Healthy), Nelson Nogier (Healthy), Jake Walman (Healthy)
Marek Langhamer (Healthy)

Comets

5 vs 5 Forward 
   Center                   Left Wing                Right Wing               Time % Phy DF OF 
 1 Brendan Gaunce           Brandon Saad             Dennis Everberg          40     1   2  2  
 2 Phil McRae               Taylor Beck              J.T. Brown               30     1   2  2  
 3 Andrej Nestrasil         Colton Gillies           Joshua Leivo             20     1   2  2  
 4 Christoph Bertschy       Andrew Mangiapane        Nicholas Baptiste        10     1   2  2  

5 vs 5 Defense 
   Defense                  Defense                                           Time % Phy DF OF 
 1 Seth Helgeson            Wiley Sherman                                     40     1   2  2  
 2 Nikita Tryamkin          Taylor Aronson                                    30     1   2  2  
 3 Juuso Riikola            Oliver Kylington                                  20     1   2  2  
 4 Tommy Vannelli           Seth Helgeson                                     10     1   2  2  

PowerPlay Forward 
   Center                   Left Wing                Right Wing               Time % Phy DF OF 
 1 Brendan Gaunce           Brandon Saad             Dennis Everberg          60     1   2  2  
 2 Phil McRae               Taylor Beck              J.T. Brown               40     1   2  2  

PowerPlay Defense
   Defense                  Defense                                           Time % Phy DF OF 
 1 Seth Helgeson            Wiley Sherman                                     60     1   2  2  
 2 Nikita Tryamkin          Taylor Aronson                                    40     1   2  2  

Penalty Kill 4 Players Forward 
   Center                   Wing                     Time % Phy DF OF 
 1 Dennis Everberg          Brandon Saad             60     1   2  2  
 2 Taylor Beck              J.T. Brown               40     1   2  2  

Penalty Kill 4 Players Defense
   Defense                  Defense                  Time % Phy DF OF 
 1 Seth Helgeson            Wiley Sherman            60     1   2  2  
 2 Nikita Tryamkin          Taylor Aronson           40     1   2  2  

Penalty Kill - 3 Players Forward 
   Forward                                           Time % Phy DF OF 
 1 Dennis Everberg                                   60     1   2  2  
 2 Brandon Saad                                      40     1   2  2  

Penalty Kill - 3 Players Defense
   Defense                  Defense                  Time % Phy DF OF 
 1 Seth Helgeson            Wiley Sherman            60     1   2  2  
 2 Nikita Tryamkin          Taylor Aronson           40     1   2  2  

4 vs 4 Forward 
   Center                   Wing                     Time % Phy DF OF 
 1 Dennis Everberg          Brandon Saad             60     1   2  2  
 2 Taylor Beck              J.T. Brown               40     1   2  2  

4 vs 4 Defense
   Defense                  Defense                  Time % Phy DF OF 
 1 Seth Helgeson            Wiley Sherman            60     1   2  2  
 2 Nikita Tryamkin          Taylor Aronson           40     1   2  2  

Last Minutes Offensive
   Center                   Left Wing                Right Wing               Defense                  Defense                  
   Brendan Gaunce           Brandon Saad             Dennis Everberg          Seth Helgeson            Wiley Sherman            

Last Minutes Defensive
   Center                   Left Wing                Right Wing               Defense                  Defense                  
   Brendan Gaunce           Brandon Saad             Dennis Everberg          Seth Helgeson            Wiley Sherman            

Goaltenders
Starting : Alexandar Georgiev       
Backup : Thatcher Demko           

Extra Forwards
Normal : Michael Ferland, Jared Staal, Alex Hutchings - PP : Michael Ferland, Jared Staal - PK : Alex Hutchings
Extra Defensemen
Normal : Juuso Riikola, Oliver Kylington, Tommy Vannelli - PP : Juuso Riikola - PK : Oliver Kylington, Tommy Vannelli
Penalty Shots
Dennis Everberg, Brandon Saad, Taylor Beck, J.T. Brown, Brendan Gaunce

Scratches
Thomas DiPauli (Healthy), Jeremy Roy (Healthy), Taylor Leier (Healthy), Michael Prapavessis (Healthy), Jaedon Descheneau (Healthy)
Aaron Haydon (Healthy), Jake Paterson (Healthy)

% Time on Ice - Checkers

Lines # - Real PCT - Wanted PCT - Time Play
Normal Forward
1 - 35% - 40% - 15:30
2 - 29% - 30% - 12:38
3 - 21% - 20% - 9:22
4 - 15% - 10% - 6:43
Normal Defense
1 - 38% - 40% - 16:43
2 - 33% - 30% - 14:37
3 - 28% - 20% - 12:18
4 - 1% - 10% - 0:35
PP Forward
1 - 70% - 60% - 3:38
2 - 30% - 40% - 1:35
PP Defense
1 - 71% - 60% - 3:43
2 - 29% - 40% - 1:30
PK Forward
1 - 74% - 60% - 7:39
2 - 26% - 40% - 2:42
PK Defense
1 - 59% - 60% - 6:06
2 - 41% - 40% - 4:15
PK3 Forward
1 - 0% - 60%
2 - 0% - 40%
PK3 Defense
1 - 0% - 60%
2 - 0% - 40%
44 Forward
1 - 0% - 60%
2 - 0% - 40%
44 Defense
1 - 0% - 60%
2 - 0% - 40%
Last Minute Offensive  - 0:00
Last Minute Defensive  - 0:13
Total
Forward - 60:00
Defense - 60:00

% Time on Ice - Comets

Lines # - Real PCT - Wanted PCT - Time Play
Normal Forward
1 - 33% - 40% - 14:43
2 - 28% - 30% - 12:11
3 - 25% - 20% - 10:51
4 - 15% - 10% - 6:28
Normal Defense
1 - 35% - 40% - 15:30
2 - 33% - 30% - 14:30
3 - 26% - 20% - 11:38
4 - 6% - 10% - 2:35
PP Forward
1 - 58% - 60% - 6:01
2 - 42% - 40% - 4:20
PP Defense
1 - 70% - 60% - 7:16
2 - 30% - 40% - 3:05
PK Forward
1 - 79% - 60% - 4:07
2 - 21% - 40% - 1:06
PK Defense
1 - 66% - 60% - 3:28
2 - 34% - 40% - 1:45
PK3 Forward
1 - 0% - 60%
2 - 0% - 40%
PK3 Defense
1 - 0% - 60%
2 - 0% - 40%
44 Forward
1 - 0% - 60%
2 - 0% - 40%
44 Defense
1 - 0% - 60%
2 - 0% - 40%
Last Minute Offensive  - 0:13
Last Minute Defensive  - 0:00
Total
Forward - 60:00
Defense - 60:00

Play-by-Play

1st period


0:01 of 1st period - Dennis Everberg wins face-off versus Aleksander Barkov in neutral zone.
0:33 of 1st period - Snap shot by Kerby Rychel.
0:33 of 1st period - Stopped by Alexandar Georgiev without a rebound.
0:34 of 1st period - Andrej Nestrasil wins face-off versus Michael Latta in Comets zone.
0:39 of 1st period - William Colbert is hit by Colton Gillies.
1:02 of 1st period - Off-side.
1:03 of 1st period - Nicholas Baptiste wins face-off versus Quinton Howden in neutral zone.
1:08 of 1st period - Snap shot by Christoph Bertschy.
1:08 of 1st period - Shot Misses the Net.
1:32 of 1st period - Slapshot by Markus Nutivaara.
1:32 of 1st period - Stopped by Alexandar Georgiev without a rebound.
1:33 of 1st period - Phil McRae wins face-off versus Aleksander Barkov in Comets zone.
1:38 of 1st period - Markus Nutivaara is hit by Taylor Beck and loses puck.
1:47 of 1st period - Wrist shot by J.T. Brown.
1:47 of 1st period - Shot Blocked by Markus Nutivaara.
1:49 of 1st period - Snap shot by Taylor Beck.
1:49 of 1st period - Stopped by Igor Bobkov with a rebound.
2:11 of 1st period - Minor Penalty to Jonathan Huberdeau for Hooking.
2:12 of 1st period - Michael Latta wins face-off versus Brendan Gaunce in Checkers zone.
3:27 of 1st period - J.T. Brown is hit by William Colbert and loses puck.
4:11 of 1st period - Penalty to Jonathan Huberdeau is over, Jonathan Huberdeau is back on ice.
4:50 of 1st period - Markus Nutivaara is hit by Nikita Tryamkin and loses puck.
5:14 of 1st period - J.T. Brown is hit by Matt Puempel and loses puck.
5:44 of 1st period - Nicholas Baptiste is hit by Roberts Lipsbergs and loses puck.
6:01 of 1st period - Seth Helgeson is hit by Matt Puempel and loses puck.
6:30 of 1st period - Snap shot by Michael Latta.
6:30 of 1st period - Stopped by Alexandar Georgiev with a rebound.
6:48 of 1st period - Brandon Saad is hit by Roberts Lipsbergs and loses puck.
7:08 of 1st period - Andrej Nestrasil is hit by Niklas Hansson and loses puck.
7:21 of 1st period - Snap shot by J.T. Brown.
7:21 of 1st period - Goal by J.T. Brown - Checkers : 0 - Comets : 1.
7:22 of 1st period - Brendan Gaunce wins face-off versus Michael Latta in neutral zone.
7:49 of 1st period - J.T. Brown is hit by Aleksander Barkov and loses puck.
8:10 of 1st period - Icing by Andrej Nestrasil.
8:11 of 1st period - Andrej Nestrasil wins face-off versus Quinton Howden in Comets zone.
8:25 of 1st period - Joshua Leivo is hit by Quinton Howden and loses puck.
8:37 of 1st period - Off-side.
8:38 of 1st period - Brendan Gaunce wins face-off versus Michael Latta in neutral zone.
9:08 of 1st period - Wrist shot by J.T. Brown.
9:08 of 1st period - Shot Misses the Net.
9:47 of 1st period - Slapshot by Aaron Ekblad.
9:47 of 1st period - Deflect By Mitchell Heard.
9:47 of 1st period - Stopped by Alexandar Georgiev without a rebound.
9:48 of 1st period - Brendan Gaunce wins face-off versus Michael McCarron in Comets zone.
10:13 of 1st period - Tobias Rieder is hit by J.T. Brown and loses puck.
10:53 of 1st period - Minor Penalty to Christoph Bertschy for Hooking.
10:54 of 1st period - Aleksander Barkov wins face-off versus Dennis Everberg in Comets zone.
11:07 of 1st period - Backhand shot by Jonathan Huberdeau.
11:07 of 1st period - Stopped by Alexandar Georgiev with a rebound.
11:09 of 1st period - Wrist shot by Tobias Rieder.
11:09 of 1st period - Stopped by Alexandar Georgiev without a rebound.
11:10 of 1st period - Tobias Rieder wins face-off versus Dennis Everberg in Comets zone.
11:11 of 1st period - Wrist shot by Aleksander Barkov.
11:11 of 1st period - Stopped by Alexandar Georgiev with a rebound.
11:13 of 1st period - Slapshot by Markus Nutivaara.
11:13 of 1st period - Deflect By Aleksander Barkov.
11:13 of 1st period - Shot Blocked by Dennis Everberg.
11:13 of 1st period - Puck is out of play.
11:14 of 1st period - Aleksander Barkov wins face-off versus Dennis Everberg in Comets zone.
11:23 of 1st period - Snap shot by Tobias Rieder.
11:23 of 1st period - Shot Misses the Net.
11:29 of 1st period - Backhand shot by Aleksander Barkov.
11:29 of 1st period - Stopped by Alexandar Georgiev without a rebound.
11:30 of 1st period - Dennis Everberg wins face-off versus Aleksander Barkov in Comets zone.
11:38 of 1st period - Icing by Tobias Rieder.
11:39 of 1st period - Aleksander Barkov wins face-off versus Dennis Everberg in Checkers zone.
11:44 of 1st period - Wrist shot by Tobias Rieder.
11:44 of 1st period - Stopped by Alexandar Georgiev with a rebound.
11:46 of 1st period - Slapshot by Aleksander Barkov.
11:46 of 1st period - Stopped by Alexandar Georgiev with a rebound.
11:48 of 1st period - Snap shot by Tobias Rieder.
11:48 of 1st period - Shot Blocked by Seth Helgeson.
11:50 of 1st period - Backhand shot by Aaron Ekblad.
11:50 of 1st period - Stopped by Alexandar Georgiev with a rebound.
12:08 of 1st period - Snap shot by Tobias Rieder.
12:08 of 1st period - Goal by Tobias Rieder - Checkers : 1 - Comets : 1.
12:09 of 1st period - Brendan Gaunce wins face-off versus Aleksander Barkov in neutral zone.
13:06 of 1st period - Wrist shot by Andrej Nestrasil.
13:06 of 1st period - Shot Blocked by Michal Jordan.
13:16 of 1st period - Nikita Tryamkin is hit by William Colbert and loses puck.
14:18 of 1st period - Slapshot by Michael Latta.
14:18 of 1st period - Stopped by Alexandar Georgiev with a rebound.
14:20 of 1st period - Snap shot by Jerry D'Amigo.
14:20 of 1st period - Goal by Jerry D'Amigo - Checkers : 2 - Comets : 1.
14:21 of 1st period - Brendan Gaunce wins face-off versus Michael Latta in neutral zone.
14:24 of 1st period - Wrist shot by Brandon Saad.
14:24 of 1st period - Deflect By Jerry D'Amigo.
14:24 of 1st period - Stopped by Igor Bobkov without a rebound.
14:25 of 1st period - Michael Latta wins face-off versus Brandon Saad in Checkers zone.
14:31 of 1st period - Off-side.
14:32 of 1st period - Aleksander Barkov wins face-off versus Brendan Gaunce in neutral zone.
15:02 of 1st period - Snap shot by Taylor Beck.
15:02 of 1st period - Stopped by Igor Bobkov with a rebound.
16:24 of 1st period - Wrist shot by Phil McRae.
16:24 of 1st period - Goal by Phil McRae - Checkers : 2 - Comets : 2.
16:25 of 1st period - Brendan Gaunce wins face-off versus Tobias Rieder in neutral zone.
17:08 of 1st period - Snap shot by Brendan Gaunce.
17:08 of 1st period - Shot Misses the Net.
17:10 of 1st period - Snap shot by Brandon Saad.
17:10 of 1st period - Goal by Brandon Saad - Checkers : 2 - Comets : 3.
17:11 of 1st period - Phil McRae wins face-off versus Michael Latta in neutral zone.
17:26 of 1st period - Snap shot by J.T. Brown.
17:26 of 1st period - Shot Blocked by William Colbert.
17:48 of 1st period - Slapshot by Jake Virtanen.
17:48 of 1st period - Goal by Jake Virtanen - Checkers : 3 - Comets : 3.
17:49 of 1st period - Kerby Rychel wins face-off versus Brendan Gaunce in neutral zone.
17:57 of 1st period - Snap shot by Michael Latta.
17:57 of 1st period - Shot Blocked by Seth Helgeson.
17:59 of 1st period - Wrist shot by Jerry D'Amigo.
17:59 of 1st period - Goal by Jerry D'Amigo - Checkers : 4 - Comets : 3.
18:00 of 1st period - Brendan Gaunce wins face-off versus Aleksander Barkov in neutral zone.
18:04 of 1st period - Icing by Tobias Rieder.
18:05 of 1st period - Brendan Gaunce wins face-off versus Aleksander Barkov in Checkers zone.
18:40 of 1st period - Snap shot by Jerry D'Amigo.
18:40 of 1st period - Stopped by Alexandar Georgiev without a rebound.
18:41 of 1st period - Brendan Gaunce wins face-off versus Michael Latta in Comets zone.
18:58 of 1st period - Minor Penalty to Kerby Rychel for High sticking.
18:59 of 1st period - Michael Latta wins face-off versus Brendan Gaunce in Checkers zone.
19:34 of 1st period - Slapshot by Taylor Beck.
19:34 of 1st period - Shot Misses the Net.
Goals for this period are 4 for Checkers vs 3 for Comets.
Shots for this period are 17 for Checkers vs 6 for Comets.

2nd period


0:01 of 2nd period - Michael Latta wins face-off versus Brendan Gaunce in neutral zone.
0:32 of 2nd period - Backhand shot by Taylor Beck.
0:32 of 2nd period - Goal by Taylor Beck - Checkers : 4 - Comets : 4.
0:33 of 2nd period - Brendan Gaunce wins face-off versus Aleksander Barkov in neutral zone.
0:38 of 2nd period - Backhand shot by Brendan Gaunce.
0:38 of 2nd period - Stopped by Igor Bobkov with a rebound.
0:40 of 2nd period - Slapshot by Seth Helgeson.
0:40 of 2nd period - Shot Blocked by Aaron Ekblad.
0:42 of 2nd period - Snap shot by Dennis Everberg.
0:42 of 2nd period - Shot Blocked by Markus Nutivaara.
0:48 of 2nd period - Snap shot by Brendan Gaunce.
0:48 of 2nd period - Stopped by Igor Bobkov without a rebound.
0:49 of 2nd period - Michael Latta wins face-off versus Phil McRae in Checkers zone.
0:54 of 2nd period - Jerry D'Amigo is hit by Taylor Beck and loses puck.
2:09 of 2nd period - Snap shot by Christoph Bertschy.
2:09 of 2nd period - Shot Misses the Net.
2:11 of 2nd period - Snap shot by Christoph Bertschy.
2:11 of 2nd period - Shot Misses the Net.
2:13 of 2nd period - Slapshot by Taylor Aronson.
2:13 of 2nd period - Stopped by Igor Bobkov with a rebound.
4:42 of 2nd period - Nikita Tryamkin is hit by Quinton Howden and loses puck.
5:05 of 2nd period - Phil McRae is hit by Kerby Rychel and loses puck.
5:12 of 2nd period - Michael Latta is hit by Taylor Beck and loses puck.
5:42 of 2nd period - Joshua Leivo is hit by Michal Jordan and loses puck.
5:53 of 2nd period - Seth Helgeson is hit by Michael McCarron and loses puck.
7:01 of 2nd period - Snap shot by Taylor Beck.
7:01 of 2nd period - Shot Misses the Net.
7:29 of 2nd period - Oliver Kylington is hit by Michael Latta and loses puck.
8:20 of 2nd period - Wrist shot by Andrej Nestrasil.
8:20 of 2nd period - Stopped by Igor Bobkov with a rebound.
8:22 of 2nd period - Slapshot by Oliver Kylington.
8:22 of 2nd period - Shot Misses the Net.
8:24 of 2nd period - Wrist shot by Andrej Nestrasil.
8:24 of 2nd period - Deflect By Niklas Hansson.
8:24 of 2nd period - Shot Misses the Net.
8:24 of 2nd period - Puck is out of play.
8:25 of 2nd period - Aleksander Barkov wins face-off versus Brendan Gaunce in Checkers zone.
8:32 of 2nd period - Taylor Aronson is hit by Aleksander Barkov and loses puck.
8:47 of 2nd period - Minor Penalty to Brendan Gaunce for Roughing.
8:48 of 2nd period - Dennis Everberg wins face-off versus Jonathan Huberdeau in Comets zone.
10:46 of 2nd period - Taylor Aronson is hit by William Colbert and loses puck.
10:47 of 2nd period - Penalty to Brendan Gaunce is over, Brendan Gaunce is back on ice.
10:57 of 2nd period - Taylor Aronson is hit by Quinton Howden and loses puck.
11:37 of 2nd period - Wrist shot by Taylor Beck.
11:37 of 2nd period - Stopped by Igor Bobkov without a rebound.
11:38 of 2nd period - Michael Latta wins face-off versus J.T. Brown in Checkers zone.
11:44 of 2nd period - Slapshot by J.T. Brown.
11:44 of 2nd period - Shot Misses the Net.
11:46 of 2nd period - Snap shot by Taylor Beck.
11:46 of 2nd period - Stopped by Igor Bobkov with a rebound.
11:48 of 2nd period - Snap shot by Oliver Kylington.
11:48 of 2nd period - Shot Blocked by Michael Latta.
11:50 of 2nd period - Snap shot by Phil McRae.
11:50 of 2nd period - Shot Misses the Net.
12:04 of 2nd period - Taylor Beck is hit by Jerry D'Amigo and loses puck.
12:23 of 2nd period - Snap shot by Jerry D'Amigo.
12:23 of 2nd period - Stopped by Alexandar Georgiev without a rebound.
12:24 of 2nd period - Aleksander Barkov wins face-off versus Brendan Gaunce in Comets zone.
12:41 of 2nd period - Wiley Sherman is hit by Aleksander Barkov and loses puck.
13:14 of 2nd period - Michal Jordan is hit by Christoph Bertschy and loses puck.
13:21 of 2nd period - Oliver Kylington is hit by Michael McCarron and loses puck.
13:56 of 2nd period - Michal Jordan is hit by Dennis Everberg and loses puck.
14:03 of 2nd period - Slapshot by Dennis Everberg.
14:03 of 2nd period - Shot Misses the Net.
14:22 of 2nd period - William Colbert is hit by Joshua Leivo and loses puck.
14:38 of 2nd period - Minor Penalty to Tommy Vannelli for Holding Stick.
14:39 of 2nd period - Jonathan Huberdeau wins face-off versus Dennis Everberg in Comets zone.
15:25 of 2nd period - Aaron Ekblad is hit by Dennis Everberg and loses puck.
16:38 of 2nd period - Penalty to Tommy Vannelli is over, Tommy Vannelli is back on ice.
16:52 of 2nd period - Snap shot by Roberts Lipsbergs.
16:52 of 2nd period - Shot Blocked by Seth Helgeson.
16:54 of 2nd period - Backhand shot by John Draeger.
16:54 of 2nd period - Stopped by Alexandar Georgiev without a rebound.
16:55 of 2nd period - Andrej Nestrasil wins face-off versus Quinton Howden in Comets zone.
16:55 of 2nd period - Andrej Nestrasil is hit by Jake Virtanen.
17:50 of 2nd period - Wrist shot by J.T. Brown.
17:50 of 2nd period - Deflect By Taylor Beck.
17:50 of 2nd period - Stopped by Igor Bobkov without a rebound.
17:51 of 2nd period - Aleksander Barkov wins face-off versus Brendan Gaunce in Checkers zone.
17:56 of 2nd period - Wrist shot by Aleksander Barkov.
17:56 of 2nd period - Stopped by Alexandar Georgiev without a rebound.
17:57 of 2nd period - Aleksander Barkov wins face-off versus Brendan Gaunce in Comets zone.
17:58 of 2nd period - Snap shot by Tobias Rieder.
17:58 of 2nd period - Goal by Tobias Rieder - Checkers : 5 - Comets : 4.
17:59 of 2nd period - Brendan Gaunce wins face-off versus Tobias Rieder in neutral zone.
18:07 of 2nd period - Slapshot by Aaron Ekblad.
18:07 of 2nd period - Shot Blocked by Wiley Sherman.
18:15 of 2nd period - Snap shot by Brandon Saad.
18:15 of 2nd period - Deflect By Dennis Everberg.
18:15 of 2nd period - Shot Misses the Net.
18:15 of 2nd period - Puck is out of play.
18:16 of 2nd period - Phil McRae wins face-off versus Michael Latta in Checkers zone.
18:41 of 2nd period - Slapshot by Andrej Nestrasil.
18:41 of 2nd period - Shot Blocked by Aaron Ekblad.
18:43 of 2nd period - Snap shot by Andrej Nestrasil.
18:43 of 2nd period - Deflect By Joshua Leivo.
18:43 of 2nd period - Shot Blocked by Jerry D'Amigo.
18:43 of 2nd period - Puck is out of play.
18:44 of 2nd period - Aleksander Barkov wins face-off versus Joshua Leivo in Checkers zone.
18:46 of 2nd period - Minor Penalty to William Colbert for Holding.
18:47 of 2nd period - Brandon Saad wins face-off versus Michael Latta in Checkers zone.
18:57 of 2nd period - Slapshot by Dennis Everberg.
18:57 of 2nd period - Stopped by Igor Bobkov with a rebound.
19:07 of 2nd period - Jerry D'Amigo is hit by Seth Helgeson and loses puck.
Goals for this period are 1 for Checkers vs 1 for Comets.
Shots for this period are 4 for Checkers vs 9 for Comets.

3rd period


0:01 of 3rd period - Brendan Gaunce wins face-off versus Michael Latta in neutral zone.
0:16 of 3rd period - Wrist shot by Brandon Saad.
0:16 of 3rd period - Shot Blocked by Niklas Hansson.
0:38 of 3rd period - Slapshot by Seth Helgeson.
0:38 of 3rd period - Stopped by Igor Bobkov with a rebound.
0:46 of 3rd period - Penalty to William Colbert is over, William Colbert is back on ice.
1:42 of 3rd period - Taylor Beck is hit by Mitchell Heard and loses puck.
1:47 of 3rd period - Snap shot by Mitchell Heard.
1:47 of 3rd period - Shot Blocked by Phil McRae.
1:57 of 3rd period - Minor Penalty to Roberts Lipsbergs for Slashing.
1:58 of 3rd period - Brendan Gaunce wins face-off versus Michael Latta in Checkers zone.
2:09 of 3rd period - Wiley Sherman is hit by Niklas Hansson and loses puck.
2:28 of 3rd period - Wrist shot by J.T. Brown.
2:28 of 3rd period - Shot Misses the Net.
2:30 of 3rd period - Slapshot by Wiley Sherman.
2:30 of 3rd period - Shot Blocked by John Draeger.
2:32 of 3rd period - Snap shot by J.T. Brown.
2:32 of 3rd period - Shot Blocked by John Draeger.
2:34 of 3rd period - Slapshot by Seth Helgeson.
2:34 of 3rd period - Shot Blocked by Niklas Hansson.
2:36 of 3rd period - Wrist shot by Seth Helgeson.
2:36 of 3rd period - Shot Misses the Net.
3:07 of 3rd period - Icing by Brandon Saad.
3:08 of 3rd period - Quinton Howden wins face-off versus Brendan Gaunce in Comets zone.
3:32 of 3rd period - Wrist shot by Taylor Beck.
3:32 of 3rd period - Shot Misses the Net.
3:57 of 3rd period - Penalty to Roberts Lipsbergs is over, Roberts Lipsbergs is back on ice.
4:14 of 3rd period - Wrist shot by Jonathan Huberdeau.
4:14 of 3rd period - Stopped by Alexandar Georgiev without a rebound.
4:15 of 3rd period - Andrej Nestrasil wins face-off versus Aleksander Barkov in Comets zone.
4:15 of 3rd period - Andrej Nestrasil is hit by Markus Nutivaara.
4:25 of 3rd period - Snap shot by Andrej Nestrasil.
4:25 of 3rd period - Shot Misses the Net.
4:52 of 3rd period - Snap shot by Markus Nutivaara.
4:52 of 3rd period - Stopped by Alexandar Georgiev with a rebound.
5:08 of 3rd period - Snap shot by Michael Latta.
5:08 of 3rd period - Shot Misses the Net.
5:26 of 3rd period - Backhand shot by Nicholas Baptiste.
5:26 of 3rd period - Stopped by Igor Bobkov without a rebound.
5:27 of 3rd period - Quinton Howden wins face-off versus Nicholas Baptiste in Checkers zone.
5:52 of 3rd period - Aleksander Barkov is hit by Brendan Gaunce.
5:53 of 3rd period - Icing by Aleksander Barkov.
5:54 of 3rd period - Tobias Rieder wins face-off versus Brendan Gaunce in Checkers zone.
5:59 of 3rd period - Slapshot by Tobias Rieder.
5:59 of 3rd period - Stopped by Alexandar Georgiev without a rebound.
6:00 of 3rd period - Brendan Gaunce wins face-off versus Aleksander Barkov in Comets zone.
6:09 of 3rd period - Off-side.
6:10 of 3rd period - Aleksander Barkov wins face-off versus Brendan Gaunce in neutral zone.
6:21 of 3rd period - Snap shot by Jonathan Huberdeau.
6:21 of 3rd period - Shot Misses the Net.
6:23 of 3rd period - Slapshot by Markus Nutivaara.
6:23 of 3rd period - Deflect By Dennis Everberg.
6:23 of 3rd period - Stopped by Alexandar Georgiev with a rebound.
6:25 of 3rd period - Slapshot by Markus Nutivaara.
6:25 of 3rd period - Shot Misses the Net.
6:39 of 3rd period - Snap shot by Aleksander Barkov.
6:39 of 3rd period - Shot Misses the Net.
6:41 of 3rd period - Snap shot by Jonathan Huberdeau.
6:41 of 3rd period - Stopped by Alexandar Georgiev without a rebound.
6:42 of 3rd period - Taylor Beck wins face-off versus Michael Latta in Comets zone.
6:42 of 3rd period - Taylor Beck is hit by Kerby Rychel.
6:53 of 3rd period - Slapshot by Michael Latta.
6:53 of 3rd period - Shot Blocked by Taylor Beck.
7:30 of 3rd period - Seth Helgeson is hit by William Colbert and loses puck.
7:47 of 3rd period - Tobias Rieder is hit by Andrew Mangiapane and loses puck.
7:54 of 3rd period - Slapshot by Nicholas Baptiste.
7:54 of 3rd period - Shot Misses the Net.
8:56 of 3rd period - Snap shot by Brandon Saad.
8:56 of 3rd period - Stopped by Igor Bobkov without a rebound.
8:57 of 3rd period - Phil McRae wins face-off versus Michael Latta in Checkers zone.
8:58 of 3rd period - Snap shot by J.T. Brown.
8:58 of 3rd period - Deflect By Taylor Beck.
8:58 of 3rd period - Stopped by Igor Bobkov with a rebound.
9:00 of 3rd period - Slapshot by Seth Helgeson.
9:00 of 3rd period - Stopped by Igor Bobkov without a rebound.
9:01 of 3rd period - Phil McRae wins face-off versus Michael Latta in Checkers zone.
9:06 of 3rd period - Snap shot by J.T. Brown.
9:06 of 3rd period - Shot Misses the Net.
9:08 of 3rd period - Snap shot by Taylor Beck.
9:08 of 3rd period - Shot Misses the Net.
9:10 of 3rd period - Slapshot by Phil McRae.
9:10 of 3rd period - Shot Blocked by Niklas Hansson.
9:12 of 3rd period - Slapshot by Phil McRae.
9:12 of 3rd period - Stopped by Igor Bobkov with a rebound.
9:14 of 3rd period - Slapshot by Seth Helgeson.
9:14 of 3rd period - Stopped by Igor Bobkov with a rebound.
9:16 of 3rd period - Snap shot by Taylor Beck.
9:16 of 3rd period - Stopped by Igor Bobkov with a rebound.
9:28 of 3rd period - Dennis Everberg is hit by John Draeger and loses puck.
9:41 of 3rd period - Minor Penalty to Niklas Hansson for Slashing.
9:42 of 3rd period - Brandon Saad wins face-off versus Jerry D'Amigo in Checkers zone.
9:47 of 3rd period - Wrist shot by Dennis Everberg.
9:47 of 3rd period - Stopped by Igor Bobkov with a rebound.
9:49 of 3rd period - Backhand shot by Seth Helgeson.
9:49 of 3rd period - Shot Misses the Net.
9:51 of 3rd period - Wrist shot by Dennis Everberg.
9:51 of 3rd period - Stopped by Igor Bobkov without a rebound.
9:52 of 3rd period - Michael Latta wins face-off versus Brendan Gaunce in Checkers zone.
10:05 of 3rd period - Slapshot by Brendan Gaunce.
10:05 of 3rd period - Stopped by Igor Bobkov with a rebound.
11:41 of 3rd period - Penalty to Niklas Hansson is over, Niklas Hansson is back on ice.
11:45 of 3rd period - Wrist shot by Niklas Hansson.
11:45 of 3rd period - Stopped by Alexandar Georgiev without a rebound.
11:46 of 3rd period - Andrej Nestrasil wins face-off versus Mitchell Heard in Comets zone.
11:46 of 3rd period - Andrej Nestrasil is hit by Markus Nutivaara.
11:54 of 3rd period - Oliver Kylington is hit by Michael McCarron and loses puck.
12:01 of 3rd period - Wrist shot by Michael McCarron.
12:01 of 3rd period - Shot Hit the Post.
12:35 of 3rd period - Juuso Riikola is hit by Niklas Hansson and loses puck.
12:56 of 3rd period - Wrist shot by Dennis Everberg.
12:56 of 3rd period - Stopped by Igor Bobkov without a rebound.
12:57 of 3rd period - Brendan Gaunce wins face-off versus Aleksander Barkov in Checkers zone.
13:06 of 3rd period - Snap shot by Jonathan Huberdeau.
13:06 of 3rd period - Shot Blocked by Brandon Saad.
13:14 of 3rd period - Slapshot by Seth Helgeson.
13:14 of 3rd period - Deflect By Brendan Gaunce.
13:14 of 3rd period - Stopped by Igor Bobkov with a rebound.
13:16 of 3rd period - Wrist shot by Seth Helgeson.
13:16 of 3rd period - Shot Blocked by Tobias Rieder.
13:18 of 3rd period - Snap shot by Brandon Saad.
13:18 of 3rd period - Shot Misses the Net.
13:32 of 3rd period - Snap shot by Jonathan Huberdeau.
13:32 of 3rd period - Shot Blocked by Nikita Tryamkin.
13:52 of 3rd period - Wrist shot by Brendan Gaunce.
13:52 of 3rd period - Shot Misses the Net.
13:54 of 3rd period - Snap shot by Brendan Gaunce.
13:54 of 3rd period - Stopped by Igor Bobkov with a rebound.
14:08 of 3rd period - Brendan Gaunce is hit by Tobias Rieder and loses puck.
14:20 of 3rd period - Snap shot by Jonathan Huberdeau.
14:20 of 3rd period - Stopped by Alexandar Georgiev with a rebound.
15:12 of 3rd period - Wrist shot by Seth Helgeson.
15:12 of 3rd period - Deflect By Brandon Saad.
15:12 of 3rd period - Stopped by Igor Bobkov without a rebound.
15:13 of 3rd period - Quinton Howden wins face-off versus Andrej Nestrasil in Checkers zone.
15:18 of 3rd period - Andrej Nestrasil is hit by Quinton Howden and loses puck.
15:25 of 3rd period - Snap shot by Quinton Howden.
15:25 of 3rd period - Stopped by Alexandar Georgiev with a rebound.
15:27 of 3rd period - Wrist shot by Matt Puempel.
15:27 of 3rd period - Shot Misses the Net.
15:29 of 3rd period - Slapshot by Niklas Hansson.
15:29 of 3rd period - Deflect By Joshua Leivo.
15:29 of 3rd period - Stopped by Alexandar Georgiev with a rebound.
15:49 of 3rd period - Nikita Tryamkin is hit by Mitchell Heard and loses puck.
16:02 of 3rd period - J.T. Brown is hit by Jerry D'Amigo and loses puck.
16:38 of 3rd period - William Colbert is hit by Taylor Beck and loses puck.
17:12 of 3rd period - Jake Virtanen is hit by Jared Staal.
17:18 of 3rd period - Roberts Lipsbergs is hit by Seth Helgeson and loses puck.
17:48 of 3rd period - Icing by John Draeger.
17:49 of 3rd period - Phil McRae wins face-off versus Jake Virtanen in Checkers zone.
18:06 of 3rd period - Niklas Hansson is hit by Joshua Leivo and loses puck.
18:24 of 3rd period - Nikita Tryamkin is hit by Quinton Howden and loses puck.
18:41 of 3rd period - Wrist shot by Phil McRae.
18:41 of 3rd period - Deflect By Jonathan Huberdeau.
18:41 of 3rd period - Shot Misses the Net.
18:41 of 3rd period - Puck is out of play.
18:42 of 3rd period - Quinton Howden wins face-off versus Phil McRae in Checkers zone.
18:47 of 3rd period - Comets, Alexandar Georgiev is pulled from the net.
18:51 of 3rd period - Snap shot by J.T. Brown.
18:51 of 3rd period - Shot Misses the Net.
18:53 of 3rd period - Snap shot by Taylor Beck.
18:53 of 3rd period - Shot Misses the Net.
18:55 of 3rd period - Snap shot by Phil McRae.
18:55 of 3rd period - Stopped by Igor Bobkov without a rebound.
18:56 of 3rd period - Darryl Sutter call a timeout for Comets.
18:56 of 3rd period - Brendan Gaunce wins face-off versus Michael Latta in Checkers zone.
19:08 of 3rd period - Minor Penalty to John Draeger for Tripping.
19:09 of 3rd period - Brendan Gaunce wins face-off versus Michael Latta in Checkers zone.
19:11 of 3rd period - Snap shot by Brandon Saad.
19:11 of 3rd period - Shot Misses the Net.
19:13 of 3rd period - Snap shot by Brandon Saad.
19:13 of 3rd period - Deflect By Brendan Gaunce.
19:13 of 3rd period - Deflect By Jerry D'Amigo.
19:13 of 3rd period - Shot Misses the Net.
19:13 of 3rd period - Puck is out of play.
19:14 of 3rd period - Brendan Gaunce wins face-off versus Michael Latta in Checkers zone.
19:15 of 3rd period - Snap shot by Dennis Everberg.
19:15 of 3rd period - Deflect By Brendan Gaunce.
19:15 of 3rd period - Deflect By Jerry D'Amigo.
19:15 of 3rd period - Shot Misses the Net.
19:15 of 3rd period - Puck is out of play.
19:16 of 3rd period - Brendan Gaunce wins face-off versus Michael Latta in Checkers zone.
19:42 of 3rd period - Icing by J.T. Brown.
19:43 of 3rd period - Alexandar Georgiev from Comets was sent back in the game.
19:43 of 3rd period - Phil McRae wins face-off versus Michael Latta in Comets zone.
19:48 of 3rd period - Comets, Alexandar Georgiev is pulled from the net.
19:48 of 3rd period - Wrist shot by Taylor Beck.
19:48 of 3rd period - Shot Blocked by Aaron Ekblad.
Goals for this period are 0 for Checkers vs 0 for Comets.
Shots for this period are 9 for Checkers vs 16 for Comets.